 Dungeon Crawl Stone Soup version 0.28-a0-1447-ga5a8893891 (webtiles) character file.

Game seed: 949786643473702942

83 ytrimaz the Covered (level 4, -5/35 HPs)
             Began as a Demonspawn Fighter on Jan 11, 2022.
             Killed from afar by an orc wizard (8 damage)
             ... with a puff of flame
             ... on level 4 of the Dungeon.
             The game lasted 00:03:25 (2078 turns).

ytrimaz the Covered (Demonspawn Fighter)            Turns: 2078, Time: 00:03:26

Health: -5/35      AC:  6    Str: 19    XL:     4   Next: 22%
Magic:  4/4        EV:  9    Int:  9    God:
Gold:   1112       SH:  0    Dex: 12    Spells: 3/3 levels left

rFire   . . .      SeeInvis .   i - +0 flail
rCold   . . .      Faith    .   (no shield)
rNeg    . . .      Spirit   .   b - +0 scale mail
rPois   .          Reflect  .   (no helmet)
rElec   .          Harm     .   (no cloak)
rCorr   .          Rampage  .   (no gloves)
Will    .....                   (no boots)
Stlth   ..........              (no amulet)
HPRegen 0.11/turn               (no ring)
MPRegen 0.18/turn               (no ring)

@: attractive, flying
A: magic regeneration, demonic touch 2
a: no special abilities


You were on level 4 of the Dungeon.
You visited 1 branch of the dungeon, and saw 4 of its levels.

You collected 1112 gold pieces.

Inventory:

Hand Weapons
 i - a +0 flail (weapon)
Armour
 b - a +0 scale mail (worn)
 c - a +0 buckler
Scrolls
 a - 2 scrolls of identify {unknown}
 g - a scroll of teleportation {unknown}
 h - a scroll of torment {unknown}
Potions
 e - a potion of attraction
 f - a potion of lignification {unknown}
 j - a potion of heal wounds {unknown}


   Skills:
 + Level 3.4 Fighting
 + Level 2.2 Maces & Flails
 + Level 3.6 Armour
 - Level 3.0 Shields
 - Level 0.9 Unarmed Combat


You had 3 spell levels left.
You didn't know any spells.
Your spell library contained the following spells:

 Spells                   Type           Power      Damage    Failure   Level
 Ensorcelled Hibernation  Hex/Ice        0%         N/A       87%         2
 Spider Form              Tmut/Pois      0%         N/A       98%         3
 Anguish                  Hex/Necr       0%         N/A       100%        4


Dungeon Overview and Level Annotations

Branches:
Dungeon (3/15)

Altars:
Cheibriados
Elyvilon
Gozag


Innate Abilities, Weirdness & Mutations

You regenerate magic rapidly.
Your touch may inflict irresistible damage on your foes.


Message History

You closely miss the orc wizard.
You hear some strange, mumbled words.
You are confused.
A magic dart appears from out of thin air!
The magic dart hits you. The orc wizard casts a spell at you.
You resist with some effort.
You bump into the rock wall.
The orc wizard points at you and mumbles some strange words.
The puff of flame hits you!
Unknown command.
Unknown command.
The orc wizard hits you with a +0 dagger.
The orc wizard hits you but does no damage.
You bump into the rock wall.
You feel less confused.
The orc wizard gestures at you while chanting.
The puff of flame hits you!
You closely miss the orc wizard.
The orc wizard hits you with a +0 dagger.
* * * LOW HITPOINT WARNING * * *
The orc wizard mumbles some strange words.
The orc wizard flickers and vanishes!
The orc wizard hits you but does no damage.
You sock the orc wizard!
The orc wizard is severely wounded.
Unknown command.
It was a potion of flight.
You feel very buoyant.
You fly up into the air.
The orc wizard gestures at you while chanting.
The magic dart hits you!
* * * LOW HITPOINT WARNING * * *
Unknown command.
It was a potion of attraction.
You feel attractive to monsters. Something hits you but does no damage.
The orc wizard casts a spell at you. The puff of flame hits you!
You die...

#.#####.#.# #
#.#.......# #
#.#.....### .#
#.####.######.#
#.............#
##...###..#.###
#...#.#....#
#.###.###..#
#.#..oo.#@o#
#.###.#'#.##
#...#.#..o#
##..###..##
##.....##
######


You could see 2 orc wizards.

Vanquished Creatures
  A bullfrog skeleton (D:4)
  2 adders
  2 dart slugs
  3 bats
  3 endoplasms (D:1)
  2 giant cockroaches
  3 goblins
  3 hobgoblins
  3 jackals (D:1)
  2 quokkas
  2 ball pythons
  2 frilled lizards (D:1)
  2 kobolds
  3 rats (D:1)
33 creatures vanquished.

Notes
Turn   | Place    | Note
-------+----------+-------------------------------------------
     0 | D:1      | ytrimaz the Demonspawn Fighter began the quest for the Orb.
     0 | D:1      | Reached XP level 1. HP: 18/18 MP: 1/1
     6 | D:1      | Noticed a salamander
     6 | D:1      | Noticed a black bear
     7 | D:1      | Noticed a komodo dragon
   241 | D:1      | Gained mutation: Your touch may inflict minor irresistible
                  | damage on your foes. [demonic ancestry]
   241 | D:1      | Reached XP level 2. HP: 24/24 MP: 2/2
   637 | D:1      | Found a faded altar of an unknown god.
   760 | D:1      | Identified a scroll of acquirement
   760 | D:1      | Acquired 1005 gold pieces
  1244 | D:2      | Gained mutation: Your touch may inflict irresistible damage
                  | on your foes. [demonic ancestry]
  1244 | D:2      | Reached XP level 3. HP: 6/29 MP: 3/3
  1656 | D:2      | Found an opulent altar of Gozag.
  1970 | D:3      | You fall into a shaft and drop 1 floor!
  1982 | D:4      | Gained mutation: You regenerate magic rapidly. [demonic
                  | ancestry]
  1982 | D:4      | Reached XP level 4. HP: 34/35 MP: 4/4
  2027 | D:4      | Found a snail-covered altar of Cheibriados.
  2078 | D:4      | Killed from afar by an orc wizard

Illustrated notes

Levels and vault maps discovered:
D:1:      onia_arrival_zoo_common, layout_basic, basic_ecumenical_altar
D:2:      layout_rooms, basic_altar
D:3:      layout_rooms, gammafunk_temple_overflow_statue,
          mainiacjoe_overflow_alcove_2, serial_glass, glass_columns_a,
          glass_columns_c, glass_columns_c, glass_columns_b, glass_columns_a,
          glass_columns_a, minmay_strange_pillars, feat_on_display, st_stairs_2,
          minmay_bisected
D:4:      layout_basic, dk_yredelemnul_ordeal, kennysheep_little_box,
          elyvilon_altar_5, minmay_temple_entry_proselytizer,
          minmay_a_box_with_orc_wizards_in_it, uniq_sigmund

Skill      XL: |  1  2  3 |
---------------+----------+-----
Armour         | 3 |  3.6
Shields        | 3 |  3.0
Maces & Flails | 2 |  2.2
Fighting       | |  3.4
Unarmed Combat | |  0.9

Action                   |  1- 3 |  4- 6 || total
-------------------------+-------+-------++-------
Melee: Flail             |    73 |     3 ||    76
       Unarmed           |    50 |       ||    50
       Touch             |     3 |       ||     3
  Use: Potion            |     2 |     2 ||     4
       Scroll            |     1 |       ||     1
Armor: Scale mail        |    69 |     3 ||    72
Dodge: Dodged            |    48 |       ||    48
Block: Buckler           |    30 |       ||    30

Table legend: (Time is in decaauts)
 A = Elapsed time spent in this place.
 B = Non-inter-level travel time spent in this place.
 C = Inter-level travel time spent in this place.
 D = Time resting spent in this place.
 E = Time spent auto-exploring this place.
 F = Levels seen in this place.
 G = Mean time per level.
                   A        B        C        D        E       F      G
               +--------+--------+--------+--------+--------+-----+--------+
         Total |   2113 |   2054 |     59 |    539 |   1139 |   4 |  528.2 |
       Dungeon |   2113 |   2054 |     59 |    539 |   1139 |   4 |  528.2 |
               +--------+--------+--------+--------+--------+-----+--------+

Top non-repeatable levels by time:
     D:1: 1171 daAuts
     D:2: 732 daAuts
     D:4: 109 daAuts
     D:3: 100 daAuts
